 Dungeon Crawl Stone Soup version 0.28.0-47-ge53b351184 (webtiles) character file.

Game seed: 8760793149180788941

350 NinjaNoafa the Ruffian (level 6, -1/61 HPs)
             Began as a Troll Fighter on May 10, 2022.
             Slain by Duvessa
             ... wielding a +0 short sword
              (7 damage)
             ... on level 4 of the Dungeon.
             The game lasted 00:05:42 (2407 turns).

NinjaNoafa the Ruffian (Troll Fighter)              Turns: 2407, Time: 00:05:43

Health: -1/61      AC:  5    Str: 24 (25) XL:     6   Next: 34%
Magic:  5/5        EV:  9    Int:  2 (4)  God:
Gold:   198        SH:  8    Dex: 14 (17) Spells: 5/5 levels left

rFire   . . .      SeeInvis .     - Unarmed
rCold   . . .      Faith    .   b - +0 kite shield
rNeg    . . .      Spirit   .   a - +0 robe
rPois   .          Reflect  .   (helmet restricted)
rElec   .          Harm     .   c - +0 cloak
rCorr   .          Rampage  .   (gloves unavailable)
Will    .....                   (boots unavailable)
Stlth   +.........              (no amulet)
HPRegen 1.00/turn               e - +6 ring of dexterity
MPRegen 0.09/turn               (no ring)

@: no status effects
A: large, unfitting armour, claws 3, regeneration 1, shaggy fur 1, tough skin 1
a: no special abilities


You were on level 4 of the Dungeon.
You visited 1 branch of the dungeon, and saw 4 of its levels.

You collected 198 gold pieces.

Inventory:

Missiles
 h - a throwing net (quivered)
 j - 2 silver javelins
Armour
 a - a +0 robe (worn)
 b - a +0 kite shield (worn)
 c - a +0 cloak (worn)
Jewellery
 e - a +6 ring of dexterity (left claw)
Scrolls
 d - 3 scrolls of identify
 f - a scroll of silence
 k - a scroll of fear {unknown}
 l - a scroll of immolation
 n - a scroll of amnesia {unknown}
 p - a scroll of brand weapon {unknown}
 q - a scroll of blinking {unknown}
 s - a scroll of teleportation {unknown}


   Skills:
 + Level 3.4 Fighting
 + Level 3.4 Dodging
 + Level 3.3 Shields
 * Level 4.5 Unarmed Combat


You had 5 spell levels left.
You didn't know any spells.
Your spell library contained the following spells:

 Spells                   Type           Power      Damage    Failure   Level
 Foxfire                  Conj/Fire      0%         2x1d4     83%         1
 Magic Dart               Conj           0%         1d3       83%         1
 Call Imp                 Summ           0%         N/A       93%         2
 Conjure Flame            Conj/Fire      0%         6-21      99%         3
 Inner Flame              Hex/Fire       0%         N/A       99%         3
 Mephitic Cloud           Conj/Pois/Air  0%         N/A       99%         3
 Flame Wave               Conj/Fire      0%         2d4       100%        4


Dungeon Overview and Level Annotations

Branches:
Dungeon (4/15)
 Temple: D:4-7

Altars:
Ashenzari
Sif Muna

Shops:
D:4 *

Annotations:
D:4 Dowan, Duvessa


Innate Abilities, Weirdness & Mutations

You are too large for most types of armour.
You have claws for hands.
Your natural rate of healing is unusually fast.
You are covered in fur. (AC +1)
You have tough skin. (AC +1)


Message History

You closely miss Duvessa. Duvessa barely misses you.
Dowan gestures at Duvessa while chanting.
Duvessa seems to speed up.
You block the goblin's attack.
You closely miss Duvessa. Duvessa hits you with a +0 short sword.
Dowan hits you but does no damage. The goblin closely misses you.
You block Duvessa's attack.
You claw Duvessa!
Duvessa is moderately wounded.
Duvessa hits you with a +0 short sword.
A ball python comes into view.
Dowan hits you with a +0 dagger. The goblin hits you but does no damage.
The ball python hisses angrily.
You claw Duvessa!
Duvessa is heavily wounded.
You hear a shout!
Duvessa hits you with a +0 short sword. Dowan hits you with a +0 dagger.
Duvessa hits you with a +0 short sword! You block the goblin's attack.
You scratch Duvessa but do no damage.
Duvessa is heavily wounded.
Duvessa hits you with a +0 short sword!
* * * LOW HITPOINT WARNING * * *
Dowan hits you with a +0 dagger.
* * * LOW HITPOINT WARNING * * *
A hobgoblin comes into view.
You block the goblin's attack. You block Duvessa's attack.
You claw the goblin!
You kill the goblin!
Dowan hits you but does no damage. You block Duvessa's attack.
Things that are here:
a +0 dagger; a hound corpse You aren't carrying any potions.
As you read the scroll labelled KUOHESE JUDGHEGH, it crumbles to dust.
The creatures around you are filled with an inner flame!
It was a scroll of immolation.
Duvessa hits you with a +0 short sword!
* * * LOW HITPOINT WARNING * * *
As you read the scroll labelled BEXZIONURE, it crumbles to dust.
It is a scroll of identify.
f - a scroll of silence Duvessa hits you with a +0 short sword!
You die...

.#.#..........
..............
..............
..............
.............
..........e.
..........†#
.........#.#
#.......#@e##
#.....#....#
###.)#.8#
##.>..#.<...
###..##.8.∩.8..
##...######......
# ##†.### 8.....
.# ###..## ......
..###..### .


You could see Duvessa (fast, inner flame) and Dowan.

Vanquished Creatures
  A hound (D:4)
  3 orc priests (D:3)
  Natasha (thrice) (D:3)
  A gnoll (D:1)
  5 adders
  A worm (D:3)
  3 dart slugs
  5 orcs
  9 ball pythons
  12 bats
  5 endoplasms
  2 giant cockroaches (D:1)
  3 goblins
  4 hobgoblins
  11 jackals
  8 kobolds
  A quokka (D:2)
  15 frilled lizards
  8 rats
100 creatures vanquished.

Vanquished Creatures (others)
  7 plants (D:3)
7 creatures vanquished.

Grand Total: 107 creatures vanquished

Notes
Turn   | Place    | Note
-------+----------+-------------------------------------------
     0 | D:1      | NinjaNoafa the Troll Fighter began the quest for the Orb.
     0 | D:1      | Reached XP level 1. HP: 22/22 MP: 0/0
   123 | D:1      | Reached XP level 2. HP: 27/29 MP: 1/1
   310 | D:1      | Found a faded altar of an unknown god.
   520 | D:1      | Reached XP level 3. HP: 35/36 MP: 2/2
   856 | D:1      | Reached skill level 3 in Unarmed Combat
   964 | D:2      | Reached XP level 4. HP: 38/44 MP: 3/3
  1319 | D:2      | Identified the +0 falchion of Imegg {holy, Will+}
  1403 | D:3      | Reached XP level 5. HP: 41/53 MP: 4/4
  1584 | D:3      | Noticed Natasha
  1592 | D:3      | Killed Natasha
  1593 | D:3      | Reached skill level 4 in Unarmed Combat
  1605 | D:3      | Found a shimmering blue altar of Sif Muna.
  1759 | D:3      | Noticed Natasha
  1767 | D:3      | Killed Natasha
  1802 | D:3      | Reached XP level 6. HP: 61/61 MP: 5/5
  1878 | D:3      | Noticed Natasha
  1882 | D:3      | Killed Natasha
  1940 | D:3      | Found a broken altar of Ashenzari.
  2381 | D:4      | Found Boiklorgh's Assorted Antiques.
  2388 | D:4      | Noticed Duvessa
  2393 | D:4      | Noticed Dowan
  2407 | D:4      | Slain by Duvessa

Illustrated notes

Levels and vault maps discovered:
D:1:      dpeg_arrival_castle, layout_basic, ebering_ecumenical_altar_hall,
          minivault_4
D:2:      layout_rooms, serial_park_tiny_2, minmay_misc_feat_columns
D:3:      cheibrodos_pilgrimage, layout_basic,
          mainiacjoe_overflow_small_starburst, mainiacjoe_overflow_catwalk,
          serial_forest, infiniplex_forest_zigzag_1, infiniplex_forest_lined_3,
          infiniplex_forest_lined_room_2, infiniplex_forest_straight_3,
          infiniplex_forest_lined_corner, minmay_lizard_king, uniq_natasha
D:4:      layout_cave_pods, general_overflow_altar, serial_shops,
          nicolae_shop_crystal, nicolae_shop_statue_plus, nicolae_shop_crystal,
          nicolae_shop_trees, shop_statue, serial_bayou_crossing, uniq_grinder,
          uniq_duvessa

Skill      XL: |  1  2  3  4  5 |
---------------+----------------+-----
Unarmed Combat | 3 4 |  4.5
Fighting       | 3 |  3.4
Dodging        | 3 |  3.4
Shields        | 3 |  3.3

Action                   |  1- 3 |  4- 6 || total
-------------------------+-------+-------++-------
Melee: Unarmed           |   111 |   140 ||   251
Throw: Javelin           |       |     1 ||     1
  Use: Potion            |     1 |     5 ||     6
       Scroll            |       |     2 ||     2
 Stab: Sleeping          |     1 |     4 ||     5
Armor: Robe              |    42 |    53 ||    95
       Skin              |       |     2 ||     2
Dodge: Dodged            |    42 |    53 ||    95
Block: Kite shield       |    35 |    73 ||   108
